Map: Hecate LE

Players

Rom

  • Race: Protoss Protoss
  • League: Gold
  • Spawn Location: 1:00

VOD

Have the link to the VOD?

Description

Time

  • Played on: March 12, 2024, 6:42 p.m.
  • Length: 23:44
Show
View Real Time Build Order
Export as new Build Order

Rom Protoss 

Build Orders:  

Get SALT Encoding   

  12  0:09  Probe (Chrono Boost)  
  13  0:26  Probe (Chrono Boost)  
  14  0:43  Probe (Chrono Boost)  
  14  0:47  Pylon  
  15  1:15  Probe (Chrono Boost)  
  16  1:25  Gateway  
  16  1:29  Probe (Chrono Boost)  
  17  1:40  Probe (Chrono Boost)  
  18  1:52  Probe (Chrono Boost)  
  18  1:53  Nexus  
  19  2:08  Assimilator  
  19  2:09  Probe (Chrono Boost)  
  20  2:21  Pylon  
  20  2:42  Cybernetics Core  
  20  2:45  Probe (Chrono Boost)  
  21  2:59  Assimilator  
  21  3:06  Probe (Chrono Boost)  
  22  3:18  Probe (Chrono Boost)  
  23  3:31  Probe (Chrono Boost)  
  24  3:48  Probe (Chrono Boost)  
  25  3:55  Probe (Chrono Boost)  
  26  4:05  Probe (Chrono Boost)  
  26  4:08  Robotics Facility  
  28  4:12  Probe (Chrono Boost)  
  27  4:20  Stalker (Chrono Boost)  
  28  4:23  Probe (Chrono Boost)  
  28  4:28  Probe (Chrono Boost)  
  32  4:37  Probe (Chrono Boost)  
  33  4:45  Probe  
  34  4:54  Probe  
  37  5:02  Probe  
  37  5:09  Gateway x2  
  38  5:23  Warp Gate  
  38  5:28  Twilight Council, Probe  
  38  5:29  Probe  
  40  5:36  Unknown  
  42  5:43  Probe (Chrono Boost)  
  42  5:47  Probe (Chrono Boost), Pylon  
  44  5:55  Probe (Chrono Boost)  
  45  6:02  Immortal (Chrono Boost)  
  45  6:04  Stalker  
  45  6:05  Probe (Chrono Boost)  
  46  6:10  Pylon  
  46  6:13  Unknown  
  46  6:14  Pylon  
  52  6:49  Assimilator  
  54  6:52  Assimilator  
  54  6:54  Observer (Chrono Boost)  
  55  7:13  Immortal (Chrono Boost)  
  55  7:16  Gateway  
  55  7:18  Gateway  
  55  7:21  Gateway  
  55  7:23  Gateway, Probe (Chrono Boost)  
  55  7:26  Gateway  
  55  7:27  Probe (Chrono Boost)  
  55  7:28  Unknown  
  61  7:30  Gateway  
  61  7:32  Charge  
  61  7:36  Probe (Chrono Boost)  
  62  7:45  Probe (Chrono Boost)  
  63  8:06  Stalker  
  65  8:32  Stalker  
  65  8:33  Stalker  
  69  8:58  Pylon  
  69  9:00  Pylon  
  69  9:06  Pylon  
  69  9:10  Pylon  
  69  9:14  Pylon  
  69  9:36  Stalker  
  69  9:37  Stalker  
  69  9:38  Stalker  
  69  9:39  Stalker  
  77  9:40  Stalker  
  77  9:41  Stalker  
  77  9:43  Zealot, Warp Prism (Chrono Boost)  
  77  9:44  Zealot x2  
  89  10:12  Zealot x2  
  89  10:13  Zealot  
  89  10:14  Zealot x2  
  89  10:15  Zealot  
  89  10:16  Zealot  
  89  10:17  Zealot x2  
  107  11:27  Pylon  
  107  11:30  Pylon  
  107  11:33  Pylon  
  60  12:09  Stalker x2  
  64  12:10  Stalker  
  64  12:11  Stalker  
  64  12:12  Stalker x2  
  64  12:13  Stalker  
  64  12:15  Stalker  
  64  12:16  Stalker  
  78  12:23  Immortal (Chrono Boost)  
  82  13:07  Immortal (Chrono Boost)  
  82  13:09  Stalker  
  84  13:10  Stalker  
  84  13:11  Stalker  
  84  13:12  Stalker  
  84  13:13  Stalker  
  84  13:15  Zealot  
  84  13:16  Zealot x2  
  84  13:17  Zealot  
  104  13:25  Nexus  
  104  13:50  Stalker  
  104  13:51  Stalker x2  
  104  13:52  Stalker  
  116  14:00  Zealot x2, Immortal (Chrono Boost)  
  122  14:54  Warp Prism (Chrono Boost)  
  122  15:04  Templar Archives  
  74  15:43  Zealot x2  
  74  15:44  Zealot  
  74  15:45  Zealot x2  
  74  15:46  Zealot  
  74  15:48  Zealot x2  
  90  16:32  High Templar x2  
  90  16:33  High Templar  
  90  16:34  High Templar  
  90  16:35  High Templar  
  90  16:36  High Templar  
  90  16:37  High Templar  
  90  16:38  High Templar  
  90  16:39  High Templar  
  108  16:44  Archon x2  
  108  16:45  Archon x2, Immortal (Chrono Boost)  
  112  17:29  High Templar  
  114  17:30  High Templar  
  114  17:31  High Templar x2  
  114  17:34  High Templar  
  114  17:35  High Templar  
  128  17:41  Immortal (Chrono Boost)  
  128  17:44  Archon  
  128  17:45  Archon x2  
  128  17:54  High Templar  
  130  18:00  High Templar  
  130  18:08  Archon  
  132  18:11  Zealot  
  138  18:36  Immortal (Chrono Boost)  
  138  18:55  Zealot x2  
  138  18:57  Zealot  
  138  18:59  Zealot  
  146  19:00  Zealot  
  148  19:16  Pylon  
  148  19:18  Pylon  
  148  19:23  Pylon  
  148  19:26  Pylon  
  49  19:55  Zealot  
  47  20:00  Zealot x2, Immortal (Chrono Boost)  
  47  20:01  Zealot x2  
  47  20:02  Zealot  
  47  20:03  Zealot  
  47  20:04  Zealot  
  47  20:05  Zealot  
  67  20:35  Stalker x2  
  67  20:36  Stalker  
  67  20:37  Stalker  
  67  20:38  Stalker x2  
  67  20:39  Stalker  
  81  20:40  Stalker  
  81  20:41  Immortal (Chrono Boost), Stalker  
  89  21:10  Stalker x2  
  89  21:11  Stalker  
  89  21:12  Stalker x2  
  89  21:13  Stalker  
  89  21:14  Stalker  
  89  21:15  Stalker  
  89  21:16  Stalker  
  107  21:22  Immortal (Chrono Boost)  
  111  21:49  Stalker  
  113  21:50  Stalker  
  113  21:51  Stalker  
  113  21:52  Zealot  
  113  21:53  Zealot  
  113  21:55  Zealot  
  123  22:16  High Templar  
  123  22:17  High Templar  
  123  22:18  Immortal (Chrono Boost)  
  131  22:23  Archon  
  131  22:31  Zealot x2  
  131  22:32  Zealot  
  131  22:33  Zealot  
  131  22:36  Zealot x2  
  143  22:56  Zealot  
Tags
 
League
Gold
Matchup
Co-op
Add a new tag
Caveats
  • Supply blocks, unpowered buildings, or Contaminate may cause inaccurate times.
  • Supply counts are checked every 10 seconds.